 Dungeon Crawl Stone Soup version 0.30-a0-989-g0d87f670db (webtiles) character file.

Game seed: 5970222308327291703

124 Boltersam the Conjurer (level 4, -4/34 HPs)
             Began as a Demonspawn Reaver on Apr 3, 2023.
             Was a High Priest of Ignis.
             Slain by a gnoll
             ... wielding a +3 flail
              (7 damage)
             ... on level 3 of the Dungeon.
             The game lasted 00:09:43 (2117 turns).

Boltersam the Conjurer (Demonspawn Reaver)          Turns: 2117, Time: 00:09:43

Health: -4/34      AC: 12    Str: 14    XL:     4   Next: 81%
Magic:  1/8        EV: 11    Int: 14    God:    Ignis [*****.]
Gold:   117        SH:  0    Dex: 14    Spells: 5/8 levels left

rFire   + . .      SeeInvis .    i - +10 short sword of the Modern Xenophobes {heavy, rN+}
rCold   . . .      Faith    .    (no shield)
rNeg    + . .      Spirit   .    k - +3 ring mail of Caodist {Dex+2}
rPois   .          Reflect  .    g - +1 helmet
rElec   .          Rampage  .    (no cloak)
rCorr   +                        (no gloves)
Will    .....                    (no boots)
Stlth   +                        (no amulet)
HPRegen 0.25/turn                h - ring of resist corrosion
MPRegen 0.11/turn                (no ring)

@: about to teleport, very slightly contaminated
A: slimy green scales 1, powered by pain 1
a: Renounce Religion, Fiery Armour, Foxfire Swarm, Rising Flame


You were on level 3 of the Dungeon.
You worshipped Ignis.
Ignis was extremely pleased with you.
You visited 1 branch of the dungeon, and saw 3 of its levels.

You collected 117 gold pieces.

Inventory:

Hand Weapons
 a - a +0 mace
 i - the +10 short sword of the Modern Xenophobes (weapon) {heavy, rN+}
   (You found it on level 2 of the Dungeon)

   rN:        It protects you from negative energy.
Armour
 b - a +0 leather armour
 g - a +1 helmet (worn)
 k - the +3 ring mail of Caodist (worn) {Dex+2}
   (You found it on level 3 of the Dungeon)

   Dex:       It affects your dexterity (+2).
 l - a +0 scale mail
Jewellery
 h - a ring of resist corrosion (left hand)
Scrolls
 e - a scroll of torment {unknown}
 j - a scroll of vulnerability
 m - a scroll of silence {unknown}
Potions
 c - a potion of degeneration
 d - a potion of brilliance


   Skills:
 + Level 2.4 Fighting
 * Level 0.8 Short Blades
 - Level 2.9 Maces & Flails
 * Level 1.3 Armour
 * Level 2.6 Dodging
 * Level 2.7 Spellcasting
 + Level 3.3 Conjurations
 + Level 0.9 Necromancy


You had 5 spell levels left.
You knew the following spells:

 Your Spells              Type           Power      Damage    Failure   Level
a - Kiss of Death         Conj/Necr      28%        2d7       19%         1
b - Searing Ray           Conj           22%        2d5       17%         2

Your spell library contained the following spells:

 Spells                   Type           Power      Damage    Failure   Level
 Magic Dart               Conj           44%        1d5       12%         1
 Momentum Strike          Conj/Tloc      12%        3d8       34%         2
 Blink                    Tloc           2%         N/A       56%         2
 Lesser Beckoning         Tloc           2%         N/A       56%         2
 Hailstorm                Conj/Ice       6%         3d4       56%         3
 Fulminant Prism          Conj/Hex       3%         3d5       92%         4
 Ice Form                 Ice/Tmut       1%         N/A       99%         4
 Simulacrum               Ice/Necr       1%         N/A       100%        6


Dungeon Overview and Level Annotations

Branches:
Dungeon (3/15)

Altars:
Ignis


Innate Abilities, Weirdness & Mutations

You are partially covered in slimy green scales. (AC +2)
You sometimes gain a little power by taking damage.


Message History

You puncture the gnoll!
You kill the gnoll!
The gnoll barely misses you.
The gnoll hits you from afar with a +0 spear.
The gnoll hits you but does no damage. The gnoll hits you with a +0 flail.
The gnoll closely misses you.
You puncture the gnoll!
You kill the gnoll!
The gnoll hits you but does no damage. The gnoll closely misses you.
The gnoll attacks as you move away! The gnoll hits you with a +3 flail.
* * * LOW HITPOINT WARNING * * *
Your magical contamination has completely faded away.
You see here a ball python corpse.
Aiming: Searing Ray (safe; 17% risk of failure)
Press: ? - help, Q - select action, (/) - cycle Shift-Dir - straight line, f - gnoll
Aim: a gnoll, wielding a +0 spear (79% to hit)
You miscast Searing Ray.
You are very lightly contaminated with residual magic.
Nothing appears to happen.
Aiming: Searing Ray (safe; 17% risk of failure)
Press: ? - help, Q - select action, (/) - cycle Shift-Dir - straight line, f - gnoll, p - gnoll
Aim: a gnoll, wielding a +3 flail (79% to hit)
The searing ray hits the gnoll.
The gnoll is lightly wounded.
The searing ray hits the gnoll.
The gnoll is moderately wounded. (Press . to maintain the ray.)
The gnoll hits you from afar with a +0 spear.
The gnoll misses you.
You hit the gnoll.
The gnoll is heavily wounded.
The gnoll closely misses you. The gnoll hits you with a +0 spear.
* * * LOW HITPOINT WARNING * * *
The gnoll hits you with a +0 spear.
* * * LOW HITPOINT WARNING * * *
The gnoll closely misses you.
Okay, then.
As you read the scroll of teleportation, it crumbles to dust.
You feel strangely unstable. The gnoll hits you with a +3 flail!
You die...

###### #....# ##### #....#
##...## #@...# ##.....##
#gg..# #.......# #....#
#.......# ###†##### #.......#
#.....### ##.....#####
#.###...# ##.........###.#
###.#
#..............#####.####
#.......####...g..g.....#####


You could see 2 gnolls.

Vanquished Creatures
  3 adders (D:2)
  5 gnolls
  A worm (D:3)
  A dart slug (D:1)
  6 bats
  2 endoplasms
  2 giant cockroaches
  3 goblins
  3 hobgoblins
  3 jackals (D:2)
  3 kobolds (D:1)
  A quokka (D:3)
  5 ball pythons
  5 frilled lizards
  3 rats (D:2)
46 creatures vanquished.

Notes
Turn   | Place    | Note
-------+----------+-------------------------------------------
     0 | D:1      | Boltersam the Demonspawn Reaver began the quest for the
                  | Orb.
     0 | D:1      | Reached XP level 1. HP: 16/16 MP: 3/3
   190 | D:1      | Gained mutation: You sometimes gain a little power by
                  | taking damage. [demonic ancestry]
   190 | D:1      | Reached XP level 2. HP: 12/12 MP: 3/5
   193 | D:1      | Learned a level 2 spell: Searing Ray
  1110 | D:2      | Gained mutation: You are partially covered in slimy green
                  | scales. (AC +2) [demonic ancestry]
  1110 | D:2      | Reached XP level 3. HP: 19/22 MP: 0/6
  1247 | D:2      | Identified the +10 short sword of the Modern Xenophobes
                  | {heavy, rN+}
  1276 | D:2      | Reached skill level 1 in Armour
  1309 | D:2      | Reached XP level 4. HP: 33/33 MP: 1/7
  1911 | D:3      | Found a faded altar of an unknown god.
  1931 | D:3      | Prayed at the altar of an unknown god.
  1931 | D:3      | Became a worshipper of Ignis, the Dying Flame
  1953 | D:3      | Identified the +3 ring mail of Caodist {Dex+2}
  2117 | D:3      | Slain by a gnoll

Illustrated notes

Levels and vault maps discovered:
D:1:      moated_graveyard_arrival, layout_loops_corners
D:2:      layout_loops_cross
D:3:      cheibrodos_old_hovel, layout_rooms, basic_ecumenical_altar

Skill      XL: |  1  2  3 |
---------------+----------+-----
Dodging        | 2 |  2.6
Armour         | 1 |  1.3
Fighting       | |  2.4
Short Blades   | |  0.8
Maces & Flails | |  2.9
Spellcasting   | |  2.7
Conjurations   | |  3.3
Necromancy     | |  0.9

Action                     |  1- 3 |  4- 6 || total
---------------------------+-------+-------++-------
  Melee: Mace              |    35 |       ||    35
         Short sword       |     8 |    38 ||    46
   Cast: Kiss of Death     |     4 |       ||     4
         Searing Ray       |     6 |     1 ||     7
    Use: Scroll            |     3 |     5 ||     8
         Potion            |       |     1 ||     1
 Armour: Leather armour    |    23 |    10 ||    33
         Ring mail         |       |    14 ||    14
  Dodge: Dodged            |    42 |    30 ||    72

Table legend: (Time is in decaauts)
 A = Elapsed time spent in this place.
 B = Non-inter-level travel time spent in this place.
 C = Inter-level travel time spent in this place.
 D = Time resting spent in this place.
 E = Time spent auto-exploring this place.
 F = Levels seen in this place.
 G = Mean time per level.
                   A        B        C        D        E       F      G
               +--------+--------+--------+--------+--------+-----+--------+
         Total |   2146 |   2055 |     91 |      4 |   1570 |   3 |  715.3 |
       Dungeon |   2146 |   2055 |     91 |      4 |   1570 |   3 |  715.3 |
               +--------+--------+--------+--------+--------+-----+--------+

Top non-repeatable levels by time:
     D:1: 1085 daAuts
     D:2: 838 daAuts
     D:3: 222 daAuts
